 Dungeon Crawl Stone Soup version 0.28.0 (webtiles) character file.

Game seed: 12031264223506270921

149 freelancePsychic the Ruffian (level 5, -1/42 HPs)
             Began as a Ghoul Hedge Wizard on Feb 16, 2022.
             Was an Initiate of Okawaru.
             Slain by a centaur (9 damage)
             ... on level 4 of the Dungeon.
             The game lasted 00:05:07 (4164 turns).

freelancePsychic the Ruffian (Ghoul Hedge Wizard)   Turns: 4164, Time: 00:05:08

Health: -1/42      AC:  6    Str: 16    XL:     5   Next: 31%
Magic:  8/8        EV: 10    Int:  9    God:    Okawaru [......]
Gold:   133        SH:  0    Dex:  8    Spells: 9/9 levels left

rFire   . . .      SeeInvis .     - Unarmed
rCold   + . .      Faith    .   (no shield)
rNeg    + + +      Spirit   .   a - +0 ring mail
rPois   ∞          Reflect  .   c - +0 hat
rElec   .          Harm     .   m - +0 cloak
rCorr   .          Rampage  .   (no gloves)
Will    .....                   (no boots)
Stlth   +.........              (no amulet)
HPRegen 0.00/turn               (no ring)
MPRegen 0.11/turn               (no ring)

@: attractive, inhibited regen
A: claws 1, cold resistance 1, negative energy resistance 3, inhibited
regeneration, torment resistance 2
a: Renounce Religion


You were on level 4 of the Dungeon.
You worshipped Okawaru.
Okawaru was noncommittal.
You visited 1 branch of the dungeon, and saw 4 of its levels.

You collected 133 gold pieces.

Inventory:

Hand Weapons
 j - a +0 great sword
Armour
 a - a +0 ring mail (worn)
 c - a +0 hat (worn)
 m - a +0 cloak (worn)
Scrolls
 e - 4 scrolls of fog
 f - a scroll of amnesia
 h - a scroll of immolation
Potions
 d - a potion of attraction
 g - a potion of curing {unknown}
 i - a potion of might {unknown}
 k - a potion of lignification {unknown}


   Skills:
 + Level 2.4 Fighting
 - Level 1.4 Short Blades
 - Level 1.7 Dodging
 - Level 2.1 Stealth
 * Level 3.1 Unarmed Combat
 - Level 2.6 Spellcasting
 - Level 0.7 Conjurations
 - Level 0.8 Summonings
 - Level 0.8 Translocations
 + Level 2.0 Invocations


You had 9 spell levels left.
You didn't know any spells.
Your spell library contained the following spells:

 Spells                   Type           Power      Damage    Failure   Level
 Magic Dart               Conj           8%         1d3       41%         1
 Slow                     Hex            4%         N/A       52%         1
 Blink                    Tloc           4%         N/A       54%         2
 Conjure Flame            Conj/Fire      1%         6-21      83%         3
 Mephitic Cloud           Conj/Pois/Air  1%         N/A       86%         3
 Call Imp                 Summ           Unusable   N/A       N/A         2

Dungeon Overview and Level Annotations

Branches:
Dungeon (4/15)
 Temple: D:4-7

Altars:
Okawaru

Annotations:
D:2 Terence


Innate Abilities, Weirdness & Mutations

You thrive by killing the living.
You are immune to poison.
You have sharp fingernails.
Your flesh is cold resistant. (rC+)
You are immune to negative energy. (rN+++)
You do not regenerate when monsters are visible.
You are immune to unholy pain and torment.


Message History

There is a stone staircase leading down here.
There is a stone staircase leading down here.
You climb downwards.
There is a stone staircase leading up here.
Found a scale mail.
The centaur shouts!
The centaur shoots an arrow.
The arrow misses you.
There is an open door here.
A centaur is nearby!
The centaur shoots an arrow.
The arrow hits you!
You scratch the centaur but do no damage.
The centaur unwields a +0 shortbow.
The centaur wields a +0 scimitar.
The centaur closely misses you. x2
You scratch the centaur but do no damage.
Your claw misses the centaur. The centaur closely misses you.
The centaur kicks you but does no damage.
You scratch the centaur.
The centaur is lightly wounded.
The centaur hits you with a +0 scimitar.
The centaur kicks you.
The centaur hits you with a +0 scimitar!
The centaur kicks you but does no damage.
You are too injured to fight recklessly!
You scratch the centaur.
The centaur is lightly wounded.
The centaur hits you with a +0 scimitar.
The centaur barely misses you.
You scratch the centaur but do no damage.
The centaur is lightly wounded.
The centaur hits you with a +0 scimitar!
* * * LOW HITPOINT WARNING * * *
The centaur barely misses you. The centaur closely misses you.
The centaur kicks you but does no damage.
It was a potion of attraction.
You feel attractive to monsters. The centaur closely misses you.
The centaur kicks you.
* * * LOW HITPOINT WARNING * * *
It was a potion of magic.
Magic courses through your body.
The centaur hits you with a +0 scimitar!
You die...

#.......##.#.# #.......#
#.......#.#.#. #.......#
###########.## #.......#
###### #.# #.......#
#....# #.# #.......#
#.##.# #.# #....[..#
###.##.###.# #......c#
#...##.#...##
#......@####.#<...#.....
#.......'......########.
#..(....####.#..........
#.......#....#..#####.##
####......##.#..# #...
#.#....####..# ####
#.####.......#
#.#....###...# #.##.
#...#


You could see a centaur.

Vanquished Creatures
  2 jellies (D:4)
  3 adders
  A worm (D:4)
  A dart slug (D:3)
  An orc (D:3)
  4 endoplasms
  2 giant cockroaches
  5 hobgoblins
  3 jackals (D:4)
  4 kobolds
  4 quokkas
  6 ball pythons
  2 bats
  3 frilled lizards
  8 goblins
  5 rats
54 creatures vanquished.

Notes
Turn   | Place    | Note
-------+----------+-------------------------------------------
     0 | D:1      | freelancePsychic the Ghoul Hedge Wizard began the quest for
                  | the Orb.
     0 | D:1      | Reached XP level 1. HP: 14/14 MP: 3/3
   641 | D:1      | Reached skill level 1 in Short Blades
   641 | D:1      | Reached XP level 2. HP: 20/22 MP: 4/4
  1004 | D:1      | Reached skill level 1 in Fighting
  1440 | D:2      | Found an iron altar of Okawaru.
  1457 | D:2      | Became a worshipper of Warmaster Okawaru
  2025 | D:2      | Noticed Terence
  2030 | D:2      | Reached XP level 3. HP: 28/28 MP: 6/6
  2099 | D:3      | Reached skill level 1 in Unarmed Combat
  2464 | D:3      | Reached skill level 1 in Invocations
  2634 | D:3      | Reached XP level 4. HP: 28/36 MP: 7/7
  2731 | D:3      | Reached skill level 2 in Unarmed Combat
  2980 | D:3      | Found a faded altar of an unknown god.
  3487 | D:4      | Noticed a black bear
  3523 | D:4      | Reached XP level 5. HP: 10/41 MP: 8/8
  3770 | D:4      | Noticed a centaur
  4034 | D:4      | Reached skill level 3 in Unarmed Combat
  4164 | D:4      | Slain by a centaur

Illustrated notes

Levels and vault maps discovered:
D:1:      dpeg_arrival_tiny_k, layout_loops_ring, minmay_misc_feat_encased
D:2:      layout_basic, basic_altar, uniq_terence
D:3:      layout_rooms, basic_ecumenical_altar
D:4:      layout_basic

Skill      XL: |  1  2  3  4  5 |
---------------+----------------+-----
Short Blades   | 1 |  1.4
Fighting       | 1 2 |  2.4
Unarmed Combat | 1 2 3 |  3.1
Invocations    | 1 2 |  2.0
Dodging        | |  1.7
Stealth        | |  2.1
Spellcasting   | |  2.6
Conjurations   | |  0.7
Summonings     | |  0.8
Translocations | |  0.8

Action                   |  1- 3 |  4- 6 || total
-------------------------+-------+-------++-------
Melee: Dagger            |   103 |       ||   103
       Unarmed           |    93 |    69 ||   162
       Punch             |     3 |     1 ||     4
Throw: Javelin           |       |     7 ||     7
  Use: Scroll            |     4 |     1 ||     5
       Potion            |       |     2 ||     2
 Stab: Sleeping          |       |     1 ||     1
Armor: Leather armour    |    51 |     4 ||    55
       Ring mail         |       |    23 ||    23
Dodge: Dodged            |   110 |    46 ||   156
